 Dungeon Crawl Stone Soup version 0.28-a0-1518-gbe868bca14 (webtiles) character file.

Game seed: 6408182720860982686

8290 oldriver the Cleaver (level 11, 0/89 HPs)
             Began as a Gnoll Cinder Acolyte on Jan 17, 2022.
             Was an Elder of Ignis.
             Slain by Snorg (1 damage)
             ... on level 10 of the Dungeon.
             The game lasted 00:14:53 (12786 turns).

oldriver the Cleaver (Gnoll Cinder Acolyte)        Turns: 12786, Time: 00:14:53

Health: 0/89       AC: 22    Str: 17    XL:     11   Next: 28%
Magic:  8/21       EV: 11    Int: 19    God:    Ignis [****..]
Gold:   823        SH:  5    Dex:  8    Spells: 21/23 levels left

rFire   + . .      SeeInvis .   e - +7 falchion "Ruucytae" {flame, rC+}
rCold   + . .      Faith    .   E - +0 buckler
rNeg    + . .      Spirit   .   q - +3 ring mail "Fodigion" {Int+5}
rPois   .          Reflect  .   o - +0 helmet
rElec   .          Harm     .   k - +0 cloak of the Disturbing Mice {rN+}
rCorr   .          Rampage  .   (no gloves)
Will    .....                   (no boots)
Stlth   ++........              v - amulet of regeneration
HPRegen 1.04/turn               i - ring of flight
MPRegen 0.17/turn               A - +4 ring of protection

@: fiery-armoured, flying
A: fangs 1, strong nose, distributed training
a: Renounce Religion, Fiery Armour, Foxfire Swarm, Rising Flame


You were on level 10 of the Dungeon.
You worshipped Ignis.
Ignis was greatly pleased with you.
You visited 1 branch of the dungeon, and saw 10 of its levels.
You also visited: Ossuary.

You collected 823 gold pieces.

Inventory:

Hand Weapons
 e - the +7 falchion "Ruucytae" (weapon) {flame, rC+}
   (You found it on level 7 of the Dungeon)

   It burns those it strikes, dealing additional fire damage.
   Big, fiery blades are also staple armaments of hydra-hunters.
   rC:        It protects you from cold.
 u - a +6 vorpal flail
 D - the +6 mace of Twilight {antimagic, rC++ SInv}
   (You found it on level 6 of the Dungeon)

   It reduces the magical energy of the wielder, and disrupts the spells and
   magical abilities of those it strikes.
   Natural abilities and divine invocations are not affected.
   rC:        It greatly protects you from cold.
   SInv:      It lets you see invisible.
Missiles
 f - 35 poisoned darts
Armour
 k - the +0 cloak of the Disturbing Mice (worn) {rN+}
   (You found it on level 2 of the Dungeon)

   rN:        It protects you from negative energy.
 o - a +0 helmet (worn)
 q - the +3 ring mail "Fodigion" (worn) {Int+5}
   (You found it on level 3 of the Dungeon)

   Int:       It affects your intelligence (+5).
 E - a +0 buckler (worn)
Jewellery
 i - a ring of flight (left hand)
 s - an amulet of the acrobat
 v - an amulet of regeneration (around neck)
 x - an amulet of magic regeneration
 A - a +4 ring of protection (right hand)
 K - an amulet of guardian spirit
Wands
 m - a wand of acid (4)
 t - a wand of flame (34)
 C - a wand of paralysis (12)
 G - a wand of charming (5)
 J - a wand of iceblast (1)
Scrolls
 a - 3 scrolls of identify
 c - 2 scrolls of immolation
 l - a scroll of magic mapping
 r - a scroll of teleportation
 y - a scroll of blinking {unknown}
 F - 2 scrolls of fear {unknown}
 H - a scroll of amnesia
 I - 2 scrolls of enchant armour {unknown}
Potions
 b - 2 potions of lignification {unknown}
 d - 4 potions of mutation {unknown}
 g - 5 potions of might
 h - 2 potions of flight {unknown}
 j - 6 potions of curing
 n - 2 potions of brilliance
 p - 2 potions of heal wounds
 w - a potion of ambrosia
 z - 2 potions of resistance
 B - a potion of berserk rage


   Skills:
 + Level 9.1 Fighting
 + Level 6.1 Short Blades
 + Level 6.1 Long Blades
 + Level 9.1 Axes
 + Level 6.1 Maces & Flails
 + Level 6.1 Polearms
 + Level 6.1 Staves
 + Level 6.1 Slings
 + Level 6.1 Bows
 + Level 6.1 Crossbows
 + Level 6.1 Throwing
 + Level 6.1 Armour
 + Level 6.1 Dodging
 + Level 6.1 Stealth
 + Level 6.1 Shields
 + Level 6.1 Unarmed Combat
 + Level 6.8 Spellcasting
 + Level 5.1 Conjurations
 + Level 5.1 Hexes
 + Level 5.1 Summonings
 + Level 5.1 Necromancy
 + Level 5.1 Translocations
 + Level 5.1 Transmutations
 + Level 7.5 Fire Magic
 + Level 5.1 Ice Magic
 + Level 5.1 Air Magic
 + Level 5.1 Earth Magic
 + Level 5.1 Poison Magic
 + Level 6.7 Invocations
 + Level 6.1 Evocations


You had 21 spell levels left.
You knew the following spells:

 Your Spells              Type           Power      Damage    Failure   Level
a - Scorch                Fire           70%        2d9       1%          2

Your spell library contained the following spells:

 Spells                   Type           Power      Damage    Failure   Level
 Flame Wave               Conj/Fire      30%        2d7       17%         4
 Summon Cactus Giant      Summ           12%        N/A       99%         6


Dungeon Overview and Level Annotations

Branches:
Dungeon (10/15)            Temple (0/1) D:4         Ossuary (visited)
   Lair: D:8-11         Orc: D:9-12

Altars:
Cheibriados
Gozag
Makhleb
Wu Jian

Annotations:
D:6 5 runed translucent doors
D:8 3 runed translucent doors, chunkyMonkey's ghost, novice SpFi; tatocazan's ghost, novice GrFi
D:10 Snorg


Innate Abilities, Weirdness & Mutations

You have very sharp teeth.
Your uncanny sense of smell can sniff out nearby items.
Your experience applies equally to all skills.


Message History

Snorg's fire resistance burns away.
Flames lash Snorg.
Snorg is burned terribly!
Snorg is moderately wounded.
Snorg goes berserk!
Flames lash Snorg.
Snorg is burned terribly!
Snorg is moderately wounded.
Flames lash Snorg.
Snorg is burned terribly!
Snorg is heavily wounded.
Snorg bites you. Snorg claws you but does no damage. You block Snorg's attack.
Snorg misses you. Snorg barely misses you. Snorg claws you.
Flames lash Snorg.
Snorg is burned terribly!
Snorg is heavily wounded.
Snorg bites you! Snorg closely misses you. You block Snorg's attack.
Flames lash Snorg.
Snorg is burned terribly!
Snorg is severely wounded.
Snorg bites you! Snorg claws you but does no damage. Snorg claws you!
Snorg bites you but does no damage. Snorg barely misses you. x2
You are too injured to fight recklessly!
You are too injured to fight recklessly!
You are too injured to fight recklessly!
Casting: Scorch (safe; 1% risk of failure)
Confirm with . or Enter, or press ? or * to list all spells.
Flames lash Snorg.
Snorg is burned terribly!
Snorg is severely wounded.
Snorg bites you!!
* * * LOW HITPOINT WARNING * * *
Snorg barely misses you. Snorg claws you!
* * * LOW HITPOINT WARNING * * *
Okay, then.
A protective cloak of flame settles atop you.
Snorg bites you.
* * * LOW HITPOINT WARNING * * *
Snorg is burned terribly!
Snorg is burned by your cloak of flames.
Snorg is severely wounded.
Snorg claws you but does no damage.
Snorg is burned terribly!
Snorg is burned by your cloak of flames.
Snorg is almost dead.
Snorg claws you.
You die...

......# ......#
#.......# ......#
##.......#
......###...+.......#
..........# .......
...<..# ..... ####)##
.Z. ####.# ###T#
#.[[.# #..@# ..####
#.### ######
####'###### .....#
#[........# .....#
#.........+
.....######.........#
.....#..))).........#
...>.'†####.........#
.....### #.........#


You could see Snorg (berserk, combustible) and a centaur zombie.

Vanquished Creatures
  A deep elf knight (D:10)
  A komodo dragon (D:10)
  4 kobold demonologists (D:10)
  3 wyverns
  A wraith (D:9)
  11 yaks
  4 steam dragons
  4 water moccasins
  Edmund (D:4)
  2 acid dragons
  A black bear (D:10)
  An orc warrior (D:9)
  2 necrophages
  4 ogres
  3 centaurs
  2 kobold brigands
  A phantom (D:4)
  3 bullfrogs
  A gnoll sergeant (D:7)
  3 scorpions
  A wyvern zombie (D:8)
  6 wights
  4 killer bees (D:5)
  2 centaur zombies (Ossuary)
  A human zombie (Ossuary)
  A jelly (D:6)
  2 orc priests (D:10)
  2 gnoll shamans
  An iguana (D:5)
  10 orc wizards
  Terence (D:3)
  3 mummies
  A hound skeleton (D:4)
  Robin (D:3)
  19 gnolls
  4 adders
  A shadow imp (D:5)
  3 white imps
  An ufetubus (D:6)
  A worm zombie (D:5)
  A worm (D:3)
  A dart slug (D:2)
  25 orcs
  7 endoplasms
  2 giant cockroaches
  10 goblins
  9 hobgoblins
  2 jackals (D:1)
  7 quokkas
  7 ball pythons
  4 bats
  2 frilled lizards (D:2)
  4 gnoll zombies (Ossuary)
  4 goblin zombies (Ossuary)
  17 kobolds
  3 orc zombies (Ossuary)
  4 rats
227 creatures vanquished.

Vanquished Creatures (others)
  52 fungi (D:10)
  43 plants (D:10)
  10 withered plants
105 creatures vanquished.

Grand Total: 332 creatures vanquished

Notes
Turn   | Place    | Note
-------+----------+-------------------------------------------
     0 | D:1      | oldriver the Gnoll Cinder Acolyte began the quest for the
                  | Orb.
     0 | D:1      | Reached XP level 1. HP: 23/23 MP: 4/4
    74 | D:1      | Reached XP level 2. HP: 17/29 MP: 5/5
   258 | D:1      | Learned a level 2 spell: Scorch
   794 | D:1      | Found a burning altar of Makhleb.
  1242 | D:2      | Reached XP level 3. HP: 35/35 MP: 4/7
  1582 | D:2      | Reached skill level 1 in Invocations
  1637 | D:2      | Identified the +0 cloak of the Disturbing Mice {rN+}
  1914 | D:3      | Found a faded altar of an unknown god.
  2116 | D:3      | Reached skill level 1 in Short Blades
  2116 | D:3      | Reached skill level 1 in Long Blades
  2116 | D:3      | Reached skill level 1 in Maces & Flails
  2116 | D:3      | Reached skill level 1 in Polearms
  2116 | D:3      | Reached skill level 1 in Staves
  2116 | D:3      | Reached skill level 1 in Slings
  2116 | D:3      | Reached skill level 1 in Bows
  2116 | D:3      | Reached skill level 1 in Crossbows
  2116 | D:3      | Reached skill level 1 in Throwing
  2116 | D:3      | Reached skill level 1 in Armour
  2116 | D:3      | Reached skill level 1 in Dodging
  2116 | D:3      | Reached skill level 1 in Stealth
  2116 | D:3      | Reached skill level 1 in Shields
  2116 | D:3      | Reached skill level 1 in Unarmed Combat
  2116 | D:3      | Reached skill level 1 in Evocations
  2232 | D:3      | Reached XP level 4. HP: 41/41 MP: 3/8
  2339 | D:3      | Noticed Robin
  2359 | D:3      | Killed Robin
  2589 | D:3      | Identified the +3 ring mail "Fodigion" {Int+5}
  2653 | D:3      | Noticed Terence
  2659 | D:3      | Killed Terence
  2660 | D:3      | Reached skill level 1 in Conjurations
  2660 | D:3      | Reached skill level 1 in Hexes
  2660 | D:3      | Reached skill level 1 in Summonings
  2660 | D:3      | Reached skill level 1 in Necromancy
  2660 | D:3      | Reached skill level 1 in Translocations
  2660 | D:3      | Reached skill level 1 in Transmutations
  2660 | D:3      | Reached skill level 1 in Ice Magic
  2660 | D:3      | Reached skill level 1 in Air Magic
  2660 | D:3      | Reached skill level 1 in Earth Magic
  2660 | D:3      | Reached skill level 1 in Poison Magic
  2952 | D:4      | Found a staircase to the Ecumenical Temple.
  3059 | D:4      | Reached XP level 5. HP: 47/47 MP: 6/9
  3870 | D:4      | Noticed Edmund
  3884 | D:4      | Killed Edmund
  3885 | D:4      | Reached XP level 6. HP: 22/53 MP: 0/11
  4521 | D:5      | Entered Level 5 of the Dungeon
  4526 | D:5      | Reached XP level 7. HP: 51/59 MP: 5/12
  4741 | D:5      | Reached XP level 8. HP: 29/67 MP: 5/14
  4780 | D:5      | Found a sand-covered staircase.
  4791 | Ossuary  | Entered an ossuary
  6730 | D:6      | Found the +9 staff of Olgreb {rPois∞}
  6753 | D:6      | Found a runed translucent gate.
  6753 | D:6      | Found a runed translucent gate.
  6754 | D:6      | Found a runed translucent door.
  6768 | D:6      | Found a runed translucent door.
  6807 | D:6      | Reached XP level 9. HP: 72/72 MP: 1/16
  6925 | D:6      | Found a runed translucent gate.
  7096 | D:6      | Identified the +6 mace of Twilight {antimagic, rC++ SInv}
  7713 | D:7      | Reached skill level 5 in Spellcasting
  8012 | D:7      | Identified the +7 falchion "Ruucytae" {flame, rC+}
  9042 | D:8      | Found an opulent altar of Gozag.
  9092 | D:8      | Reached skill level 5 in Invocations
  9421 | D:8      | Found a runed translucent gate.
  9422 | D:8      | Found a runed translucent gate.
  9422 | D:8      | Found a runed translucent gate.
  9431 | D:8      | Noticed chunkyMonkey's ghost (novice SpFi)
  9431 | D:8      | Noticed tatocazan's ghost (novice GrFi)
 10057 | D:9      | Found an ornate altar of the Wu Jian Council.
 10058 | D:9      | Found a snail-covered altar of Cheibriados.
 10155 | D:9      | Reached XP level 10. HP: 80/80 MP: 6/18
 10396 | D:9      | Reached skill level 5 in Short Blades
 10396 | D:9      | Reached skill level 5 in Long Blades
 10396 | D:9      | Reached skill level 5 in Maces & Flails
 10396 | D:9      | Reached skill level 5 in Polearms
 10396 | D:9      | Reached skill level 5 in Staves
 10396 | D:9      | Reached skill level 5 in Slings
 10396 | D:9      | Reached skill level 5 in Bows
 10396 | D:9      | Reached skill level 5 in Crossbows
 10396 | D:9      | Reached skill level 5 in Throwing
 10396 | D:9      | Reached skill level 5 in Armour
 10396 | D:9      | Reached skill level 5 in Dodging
 10396 | D:9      | Reached skill level 5 in Stealth
 10396 | D:9      | Reached skill level 5 in Shields
 10396 | D:9      | Reached skill level 5 in Unarmed Combat
 10396 | D:9      | Reached skill level 5 in Evocations
 12042 | D:10     | Entered Level 10 of the Dungeon
 12055 | D:10     | Noticed a kobold demonologist
 12055 | D:10     | Noticed a kobold demonologist
 12055 | D:10     | Noticed a kobold demonologist
 12055 | D:10     | Noticed a kobold demonologist
 12067 | D:10     | Killed a kobold demonologist
 12076 | D:10     | Noticed a rust devil
 12076 | D:10     | Killed a kobold demonologist
 12076 | D:10     | Noticed a soul eater
 12077 | D:10     | Noticed a sun demon
 12115 | D:10     | Killed a kobold demonologist
 12223 | D:10     | Noticed a rust devil
 12225 | D:10     | Killed a kobold demonologist
 12226 | D:10     | Reached XP level 11. HP: 87/87 MP: 20/20
 12331 | D:10     | Reached skill level 5 in Conjurations
 12331 | D:10     | Reached skill level 5 in Hexes
 12331 | D:10     | Reached skill level 5 in Summonings
 12331 | D:10     | Reached skill level 5 in Necromancy
 12331 | D:10     | Reached skill level 5 in Translocations
 12331 | D:10     | Reached skill level 5 in Transmutations
 12331 | D:10     | Reached skill level 5 in Ice Magic
 12331 | D:10     | Reached skill level 5 in Air Magic
 12331 | D:10     | Reached skill level 5 in Earth Magic
 12331 | D:10     | Reached skill level 5 in Poison Magic
 12465 | D:10     | Noticed a deep elf knight
 12470 | D:10     | Killed a deep elf knight
 12778 | D:10     | Noticed Snorg
 12786 | D:10     | HP: 1/89 [Snorg (6)]
 12786 | D:10     | Slain by Snorg

Illustrated notes

Levels and vault maps discovered:
D:1:      dpeg_arrival_lava_altar, layout_basic, nrook_loot_triangle
D:2:      layout_basic, grunt_ministairs_2, minmay_misc_feat_doors,
          hangedman_abyss_or_decor_lesser_grid, bh_walls_and_bars
D:3:      layout_rooms, nicolae_ecumenical_pavilion, uniq_robin, uniq_terence
D:4:      layout_basic, minmay_temple_entry_ruins, uniq_edmund
D:5:      layout_gridville, enter_ossuary_3
D:6:      layout_rooms, minmay_guarded_unrand_staff_of_olgreb
D:7:      kennysheep_steamy, layout_loops_corners,
          minmay_overflow_temple_star_quad, nicolae_shop_overcharged_wands
D:8:      layout_loops_corners, nicolae_gozag_seed_capital,
          gammafunk_ghost_cemetery
D:9:      layout_irregular_city, gammafunk_temple_overflow_statue,
          serial_undead, serial_undead_d, serial_undead_b, serial_undead_c,
          serial_undead_a
D:10:     layout_roguey, due_lair_maze_entry_diamond, minmay_misc_feat_ornament,
          kennysheep_just_a_vault, uniq_snorg

Skill      XL: |  1  2  3  4  5  6  7  8  9 10 11 |
---------------+----------------------------------+-----
Invocations    | 1 2 3 4 5 6 |  6.7
Short Blades   | 1 2 3 4 5 6 |  6.1
Long Blades    | 1 2 3 4 5 6 |  6.1
Maces & Flails | 1 2 3 4 5 6 |  6.1
Polearms       | 1 2 3 4 5 6 |  6.1
Staves         | 1 2 3 4 5 6 |  6.1
Slings         | 1 2 3 4 5 6 |  6.1
Bows           | 1 2 3 4 5 6 |  6.1
Crossbows      | 1 2 3 4 5 6 |  6.1
Throwing       | 1 2 3 4 5 6 |  6.1
Armour         | 1 2 3 4 5 6 |  6.1
Dodging        | 1 2 3 4 5 6 |  6.1
Stealth        | 1 2 3 4 5 6 |  6.1
Shields        | 1 2 3 4 5 6 |  6.1
Unarmed Combat | 1 2 3 4 5 6 |  6.1
Evocations     | 1 2 3 4 5 6 |  6.1
Spellcasting   | 3 4 5 6 |  6.8
Conjurations   | 1 2 3 4 5 |  5.1
Hexes          | 1 2 3 4 5 |  5.1
Summonings     | 1 2 3 4 5 |  5.1
Necromancy     | 1 2 3 4 5 |  5.1
Translocations | 1 2 3 4 5 |  5.1
Transmutations | 1 2 3 4 5 |  5.1
Ice Magic      | 1 2 3 4 5 |  5.1
Air Magic      | 1 2 3 4 5 |  5.1
Earth Magic    | 1 2 3 4 5 |  5.1
Poison Magic   | 1 2 3 4 5 |  5.1
Fighting       | 7 8 9 |  9.1
Axes           | 7 8 9 |  9.1
Fire Magic     | 6 7 |  7.5

Action                   |  1- 3 |  4- 6 |  7- 9 | 10-12 || total
-------------------------+-------+-------+-------+-------++-------
Melee: Hand axe          |    26 |    44 |       |       ||    70
       Bite              |     3 |     5 |     4 |     8 ||    20
       Punch             |       |     1 |     2 |       ||     3
       Flail             |       |       |    55 |       ||    55
       Falchion          |       |       |    26 |    67 ||    93
Throw: Dart              |       |       |     3 |     6 ||     9
 Cast: Scorch            |    33 |    54 |   158 |   116 ||   361
Invok: Fiery Armour      |       |       |     1 |     3 ||     4
  Use: Scroll            |       |     1 |    16 |       ||    17
       Potion            |       |       |     4 |       ||     4
 Stab: Distracted        |       |       |     1 |       ||     1
Armor: Robe              |     9 |     2 |       |       ||    11
       Ring mail         |       |    12 |   100 |    59 ||   171
Dodge: Dodged            |    17 |    47 |   122 |    83 ||   269
Block: Buckler           |       |       |     5 |    38 ||    43

Table legend: (Time is in decaauts)
 A = Elapsed time spent in this place.
 B = Non-inter-level travel time spent in this place.
 C = Inter-level travel time spent in this place.
 D = Time resting spent in this place.
 E = Time spent auto-exploring this place.
 F = Levels seen in this place.
 G = Mean time per level.
                   A        B        C        D        E       F      G
               +--------+--------+--------+--------+--------+-----+--------+
         Total |  12804 |  12329 |    475 |   3412 |   7106 |  11 | 1164.0 |
       Dungeon |  12189 |  11714 |    475 |   2930 |   7049 |  10 | 1218.9 |
       Ossuary |    614 |    614 |      0 |    482 |     57 |   1 |  614.0 |
               +--------+--------+--------+--------+--------+-----+--------+

Top non-repeatable levels by time:
     D:9: 1964 daAuts
     D:8: 1858 daAuts
     D:4: 1622 daAuts
     D:5: 1446 daAuts
     D:2: 1090 daAuts
     D:3: 1030 daAuts
     D:7: 946 daAuts
     D:1: 822 daAuts
     D:6: 789 daAuts
    D:10: 617 daAuts
 Ossuary: 614 daAuts
